Map: Ulrena

Players

RGT - Winner!

  • Race: Terran Terran
  • League: Silver
  • Spawn Location: 11:00

Fropez

  • Race: Protoss Protoss
  • League: Silver
  • Spawn Location: 7:00

VOD

Have the link to the VOD?

Description

Time

  • Played on: July 5, 2016, 10:19 a.m.
  • Length: 11:10
Show
View Real Time Build Order
Export as new Build Order

RGT Terran - Winner!

Build Orders: MMM Bio 

Get SALT Encoding   

  12  0:01  SCV  
  13  0:13  SCV  
  14  0:20  Supply Depot  
  14  0:25  SCV  
  15  0:42  SCV  
  16  0:43  Supply Depot  
  16  0:49  Barracks  
  16  0:54  SCV  
  17  1:07  Barracks  
  17  1:12  Engineering Bay  
  17  1:15  SCV  
  18  1:28  SCV  
  18  1:29  Refinery  
  18  1:32  Refinery  
  19  1:39  Marine  
  20  1:40  SCV  
  21  1:54  Orbital Command  
  21  1:55  Marine  
  22  2:07  Marine  
  23  2:14  Marine  
  24  2:23  SCV  
  24  2:25  Marine  
  26  2:42  Command Center  
  26  2:43  Marine  
  27  2:45  Marine  
  27  2:47  SCV  
  29  2:57  Factory  
  29  3:01  SCV  
  29  3:04  Marine  
  31  3:08  Barracks Tech Lab  
  31  3:17  Supply Depot  
  31  3:23  Barracks Reactor  
  31  3:38  Marine  
  31  3:39  SCV  
  31  3:41  Factory Tech Lab  
  33  3:42  Supply Depot  
  33  3:43  Starport  
  33  3:51  SCV  
  33  3:55  Planetary Fortress  
  34  3:56  Marine  
  35  4:04  Marine x2  
  35  4:06  Stimpack  
  35  4:08  SCV  
  38  4:14  Supply Depot  
  38  4:15  Marine  
  39  4:23  Siege Tank  
  40  4:43  Marine x2  
  35  4:46  SCV  
  31  5:00  Marine  
  31  5:01  Marine  
  31  5:17  SCV x2  
  31  5:18  Marine x2  
  35  5:25  Medivac  
  37  5:29  SCV x2  
  39  5:36  Marine x2  
  39  5:38  Siege Tank  
  45  5:42  SCV  
  45  5:43  SCV  
  46  5:55  SCV, Medivac  
  46  5:56  SCV  
  50  6:02  Barracks Reactor  
  50  6:07  SCV  
  50  6:08  SCV  
  52  6:19  SCV  
  52  6:20  SCV  
  54  6:28  Supply Depot  
  54  6:29  Medivac  
  54  6:31  SCV  
  54  6:32  SCV  
  58  6:47  SCV x2  
  60  6:59  SCV x2  
  53  7:27  Marine x3  
  51  7:32  Siege Tank  
  51  7:33  Medivac  
  51  7:34  SCV x2  
  58  7:42  Barracks  
  58  7:45  Marine  
  58  7:46  SCV  
  58  7:47  SCV, Barracks  
  58  7:49  Marine x2  
  63  7:55  Refinery  
  63  7:57  Refinery  
  63  7:58  SCV  
  63  7:59  SCV  
  63  8:03  Marine  
  63  8:05  Command Center  
  66  8:07  Marine x2  
  66  8:10  Medivac  
  66  8:11  SCV x2  
  72  8:17  Combat Shields  
  72  8:20  Marine  
  72  8:23  SCV x2  
  72  8:25  Marine  
  76  8:35  SCV x2  
  76  8:47  SCV x2  
  71  8:56  Marine  
  71  8:59  SCV x2  
  73  9:06  Siege Tank  
  76  9:10  Medivac  
  76  9:12  Barracks Reactor  
  76  9:13  Barracks Reactor  
  76  9:16  Medivac  
  76  9:17  SCV, Supply Depot  
  81  9:18  Supply Depot  
  81  9:21  Supply Depot  
  81  9:29  Marine x2  
  81  9:30  Marine  
  84  9:33  SCV x2  
  89  9:38  Siege Tank  
  89  9:47  Marine  
  89  9:49  SCV x2  
  92  10:04  Marine x2  
  92  10:05  Marine  
  95  10:07  Marine x4  
  95  10:10  Siege Tank  
  101  10:22  Marine  
  102  10:32  Marine x6  
  108  10:39  Marine  
  112  10:49  Marine  
  114  10:50  Marine  
  116  10:57  SCV  
Show
View Real Time Build Order
Export as new Build Order

Fropez Protoss 

Build Orders:  

Get SALT Encoding   

  12  0:01  Probe (Chrono Boost)  
  13  0:18  Pylon  
  13  0:37  Pylon  
  13  0:40  Probe (Chrono Boost)  
  14  0:47  Assimilator, Gateway  
  14  0:51  Probe (Chrono Boost)  
  15  1:01  Probe (Chrono Boost)  
  16  1:15  Gateway  
  16  1:18  Probe (Chrono Boost)  
  17  1:21  Assimilator  
  17  1:28  Probe (Chrono Boost)  
  18  1:44  Cybernetics Core  
  18  1:45  Probe (Chrono Boost)  
  19  1:56  Probe (Chrono Boost)  
  20  2:07  Pylon, Probe (Chrono Boost)  
  21  2:24  Warp Gate (Chrono Boost)  
  21  2:26  Mothership Core (Chrono Boost)  
  21  2:27  Adept  
  24  2:34  Adept  
  26  2:45  Probe  
  27  2:54  Adept  
  29  3:00  Probe  
  29  3:01  Adept  
  32  3:12  Pylon  
  32  3:13  Probe  
  33  3:22  Adept  
  35  3:28  Pylon  
  35  3:56  Forge  
  35  3:58  Gateway  
  35  4:00  Gateway  
  35  4:38  Protoss Ground Weapons Level 1 (Chrono Boost)  
  29  5:12  Adept x2  
  29  5:25  Adept x2  
  29  5:27  Nexus, Probe  
  34  5:30  Gateway  
  34  5:39  Probe  
  35  5:49  Twilight Council  
  35  5:51  Robotics Facility  
  35  5:54  Pylon  
  35  6:03  Adept  
  37  6:04  Adept x2  
  37  6:10  Adept  
  43  6:26  Photon Cannon  
  43  6:29  Pylon  
  43  6:30  Probe  
  44  6:35  Resonating Glaives (Chrono Boost)  
  44  6:42  Observer  
  44  6:45  Protoss Ground Weapons Level 2 (Chrono Boost)  
  45  6:56  Probe x2  
  37  7:29  Adept x3  
  41  7:34  Pylon  
  41  7:48  Probe  
  41  7:49  Probe  
  43  7:52  Assimilator  
  43  8:10  Adept x3  
  43  8:11  Adept  
  51  8:16  Adept  
  43  8:57  Stalker x5  
  53  9:20  Gateway  
  53  9:22  Gateway  
  53  9:23  Probe  
  53  9:24  Probe  
  53  9:28  Photon Cannon  
  55  9:31  Pylon  
  55  9:33  Probe  
  56  9:48  Probe  
  56  9:49  Probe  
  58  9:55  Nexus  
  58  9:58  Warp Prism  
  60  10:16  Assimilator  
  49  10:29  Adept  
  49  10:30  Adept x4  
  55  10:48  Adept x2  
Tags
 
Composition
MMM Bio
Matchup
PvT
Replay Pack
All Mines
Spawn Locations
Close Positions
Add a new tag
Caveats
  • Supply blocks, unpowered buildings, or Contaminate may cause inaccurate times.
  • Supply counts are checked every 10 seconds.